 Dungeon Crawl Stone Soup version 0.28-a0-1485-g077359a4bf (webtiles) character file.

Game seed: 2608938935736436008

806 funkygono the Firebug (level 8, -1/60 HPs)
             Began as a Human Cinder Acolyte on Jan 11, 2022.
             Was an Initiate of Ignis.
             Killed by divine providence
             ... invoked by an orc priest
              (12 damage)
             ... on level 5 of the Dungeon.
             The game lasted 00:08:44 (4628 turns).

funkygono the Firebug (Human Cinder Acolyte)        Turns: 4628, Time: 00:08:45

Health: -1/60      AC:  9    Str: 16    XL:     8   Next: 14%
Magic:  13/13      EV: 11    Int: 16    God:    Ignis [......]
Gold:   954        SH:  0    Dex:  8    Spells: 12/14 levels left

rFire   + . .      SeeInvis .   a - -1 falchion (flame)
rCold   + . .      Faith    .   (no shield)
rNeg    . . .      Spirit   .   g - +0 leather armour
rPois   .          Reflect  .   d - +1 helmet
rElec   .          Harm     .   h - +2 cloak
rCorr   .          Rampage  .   p - +0 pair of gloves
Will    .....                   (no boots)
Stlth   +.........              (no amulet)
HPRegen 0.20/turn               e - ring of protection from cold
MPRegen 0.13/turn               (no ring)

@: no status effects
A: no striking features
a: Renounce Religion, Rising Flame


You were on level 5 of the Dungeon.
You worshipped Ignis.
Ignis was noncommittal.
You visited 1 branch of the dungeon, and saw 5 of its levels.
You also visited: Sewer.

You collected 954 gold pieces.

Inventory:

Hand Weapons
 a - a -1 falchion of flaming (weapon)
 u - the +7 flail of Certain Death {vorpal, MP+9}
   (You found it on level 4 of the Dungeon)

   It inflicts extra damage upon your enemies.
   MP:        It affects your magic capacity (+9).
Armour
 c - a +0 ring mail
 d - a +1 helmet (worn)
 g - a +0 leather armour (worn)
 h - a +2 cloak (worn)
 i - a +0 chain mail
 p - a +0 pair of gloves (worn)
 r - the +1 ring mail "Uheoff" {+Blink rElec Will- Str+4}
   (You found it on level 4 of the Dungeon)

   Str:       It affects your strength (+4).
   rElec:     It insulates you from electricity.
   +Blink:    It lets you blink.
   Will:      It decreases your willpower.
Jewellery
 e - a ring of protection from cold (left hand)
 s - a +6 ring of strength
Wands
 t - a wand of charming (7)
Scrolls
 b - a scroll of silence {unknown}
 f - a scroll of teleportation
 j - a scroll of identify
 m - a scroll of magic mapping
 v - a scroll of amnesia {unknown}
 w - a scroll of enchant weapon {unknown}
Potions
 l - a potion of haste
 n - a potion of mutation
 o - a potion of resistance
 q - a potion of cancellation


   Skills:
 + Level 3.9 Fighting
 + Level 4.3 Long Blades
 + Level 3.3 Armour
 + Level 1.8 Dodging
 + Level 3.9 Spellcasting
 + Level 5.2 Fire Magic


You had 12 spell levels left.
You knew the following spells:

 Your Spells              Type           Power      Damage    Failure   Level
a - Scorch                Fire           40%        2d7       3%          2

Your spell library contained the following spells:

 Spells                   Type           Power      Damage    Failure   Level
 Poisonous Vapours        Pois/Air       6%         N/A       30%         2
 Ozocubu's Armour         Ice            3%         N/A       52%         3
 Swiftness                Air            3%         N/A       52%         3
 Chain Lightning          Conj/Air       1%         3d2       100%        9


Dungeon Overview and Level Annotations

Branches:
Dungeon (5/15)              Sewer (visited)
 Temple: D:4-7

Altars:
Kikubaaqudgha


Message History

You bump into the rock wall.
The orc closely misses you. The orc wizard barely misses you.
The orc priest barely misses you.
You hit the orc wizard. You burn the orc wizard.
You kill the orc wizard!
The orc hits you but does no damage.
The orc priest hits you but does no damage.
The orc closely misses you.
Unknown command.
The orc priest is no longer more vulnerable to fire.
The orc priest invokes the aid of Beogh against you.
Pain shoots through your body!
* * * LOW HITPOINT WARNING * * *
The orc priest hits you with a +0 hand axe.
* * * LOW HITPOINT WARNING * * *
The hound stops to sniff the ground.
The hound bites you.
* * * LOW HITPOINT WARNING * * *
The orc barely misses you. The orc priest closely misses you.
The orc priest hits you with a +0 hand axe.
* * * LOW HITPOINT WARNING * * *
You're too confused to move!
You feel less invigorated.
You feel less confused. The hound misses you. The orc misses you.
The orc closely misses you. The orc priest hits you with a +0 club.
* * * LOW HITPOINT WARNING * * *
The orc priest hits you but does no damage.
The hound bites you.
* * * LOW HITPOINT WARNING * * *
You hit the orc priest but do no damage.
The orc priest is heavily wounded.
The orc closely misses you. The hound barely misses you.
The orc priest barely misses you. The orc closely misses you.
The orc priest barely misses you. The orc hits you with a +0 whip.
* * * LOW HITPOINT WARNING * * *
You hit the orc priest but do no damage.
The orc priest is heavily wounded.
The hound barely misses you.
The orc priest mumbles some strange prayers to Beogh against you.
Beogh smites you!
You die...

....................
...o.................
....o.................
###...................
#...........#######.
#...........#
#####....####
###########h...#
#.........@o...#
#........ooo...#
#..............#
#..............#
#..............#
#...........####
#...........#
#...........#
#############


You could see a hound, 2 orc priests and 2 orcs.

Vanquished Creatures
  A water moccasin (D:5)
  Pargi (Sewer)
  A black bear (D:4)
  A necrophage (D:5)
  A scorpion (D:5)
  A water moccasin zombie (D:5)
  A howler monkey (D:5)
  3 hounds
  An orc wizard (D:5)
  6 adders
  A white imp (D:3)
  An ufetubus (D:4)
  An adder skeleton (D:4)
  A worm (D:3)
  3 dart slugs
  An orc (D:3)
  7 endoplasms
  3 giant cockroaches
  8 goblins
  A hobgoblin (D:1)
  14 jackals
  10 kobolds
  5 quokkas
  11 ball pythons
  8 bats
  3 frilled lizards
  4 rats
99 creatures vanquished.

Vanquished Creatures (others)
  13 plants (D:2)
13 creatures vanquished.

Grand Total: 112 creatures vanquished

Notes
Turn   | Place    | Note
-------+----------+-------------------------------------------
     0 | D:1      | funkygono the Human Cinder Acolyte began the quest for the
                  | Orb.
     0 | D:1      | Reached XP level 1. HP: 18/18 MP: 2/2
   167 | D:1      | Reached XP level 2. HP: 24/24 MP: 3/3
   383 | D:1      | Learned a level 2 spell: Scorch
   607 | D:1      | Reached XP level 3. HP: 29/29 MP: 1/4
  1076 | D:2      | Reached XP level 4. HP: 31/37 MP: 1/6
  1291 | D:2      | Reached skill level 1 in Dodging
  1410 | D:2      | Reached XP level 5. HP: 42/42 MP: 4/7
  1697 | D:2      | Found an ancient bone altar of Kikubaaqudgha.
  1750 | D:2      | Found a faded altar of an unknown god.
  2083 | D:3      | Found a glowing drain.
  2087 | Sewer    | Entered a sewer
  2159 | Sewer    | Noticed Pargi
  2165 | Sewer    | Killed Pargi
  2166 | Sewer    | Reached skill level 1 in Armour
  2166 | Sewer    | Reached skill level 4 in Fire Magic
  2166 | Sewer    | Reached XP level 6. HP: 48/48 MP: 2/9
  3001 | D:3      | Identified a scroll of acquirement
  3001 | D:3      | Acquired 841 gold pieces
  3429 | D:4      | Got Fizecw's Papyrus of Beyond
  3441 | D:4      | Identified the +1 ring mail "Uheoff" {+Blink rElec Will-
                  | Str+4}
  3478 | D:4      | Noticed a black bear
  3486 | D:4      | Killed a black bear
  3487 | D:4      | Reached XP level 7. HP: 53/53 MP: 9/11
  3863 | D:4      | Identified the +7 flail of Certain Death {vorpal, MP+9}
  4072 | D:5      | Entered Level 5 of the Dungeon
  4273 | D:5      | Noticed a water moccasin
  4298 | D:5      | Killed a water moccasin
  4299 | D:5      | Reached skill level 5 in Fire Magic
  4509 | D:5      | Reached XP level 8. HP: 52/60 MP: 5/13
  4628 | D:5      | Killed from afar by an orc priest

Illustrated notes

Levels and vault maps discovered:
D:1:      beargit_arrival_greenhouse, layout_loops_cross,
          minmay_misc_feat_columns, item_on_display_a
D:2:      layout_basic, dilly_ecumenical_altar_fadedgnrine, basic_altar
D:3:      layout_basic, serial_glass, glass_columns_c, glass_columns_b,
          gup_sewer_entry_spiral, minmay_crystal_room
D:4:      layout_loops_corners
D:5:      layout_basic, uniq_blork_the_orc

Skill      XL: |  1  2  3  4  5  6  7 |
---------------+----------------------+-----
Dodging        | 1 |  1.8
Spellcasting   | 2 3 |  3.9
Long Blades    | 4 |  4.3
Armour         | 1 3 |  3.3
Fire Magic     | 4 5 |  5.2
Fighting       | |  3.9

Action                   |  1- 3 |  4- 6 |  7- 9 || total
-------------------------+-------+-------+-------++-------
Melee: Falchion          |    41 |    93 |    48 ||   182
       Punch             |     1 |       |       ||     1
 Cast: Scorch            |     8 |    31 |    19 ||    58
Invok: Fiery Armour      |     6 |     7 |       ||    13
  Use: Scroll            |     3 |     6 |     5 ||    14
       Potion            |       |       |     1 ||     1
Armor: Robe              |    17 |     7 |       ||    24
       Leather armour    |       |    31 |    30 ||    61
Dodge: Dodged            |    44 |    59 |    43 ||   146

Table legend: (Time is in decaauts)
 A = Elapsed time spent in this place.
 B = Non-inter-level travel time spent in this place.
 C = Inter-level travel time spent in this place.
 D = Time resting spent in this place.
 E = Time spent auto-exploring this place.
 F = Levels seen in this place.
 G = Mean time per level.
                   A        B        C        D        E       F      G
               +--------+--------+--------+--------+--------+-----+--------+
         Total |   4697 |   4604 |     93 |    162 |   3564 |   6 |  782.8 |
       Dungeon |   4494 |   4401 |     93 |    162 |   3414 |   5 |  898.8 |
         Sewer |    202 |    202 |      0 |      0 |    149 |   1 |  202.0 |
               +--------+--------+--------+--------+--------+-----+--------+

Top non-repeatable levels by time:
     D:3: 1108 daAuts
     D:1: 1061 daAuts
     D:4: 1031 daAuts
     D:2: 733 daAuts
     D:5: 559 daAuts
   Sewer: 202 daAuts
